 Dungeon Crawl Stone Soup version 0.24-a0-7-g1bb0902 (webtiles) character file.

Game seed: 9625786128436089942

22 Mgcat the Skirmisher (level 2, -1/28 HPs)
             Began as a Naga Fighter on Jan 30, 2019.
             Slain by a quokka (2 damage)
             ... on level 2 of the Dungeon.
             The game lasted 00:01:36 (563 turns).

Mgcat the Skirmisher (Naga Fighter)                  Turns: 563, Time: 00:01:37

Health: -1/28      AC:  4    Str: 18    XL:     2   Next: 91%
Magic:  2/2        EV:  5    Int:  8    God:
Gold:   70         SH:  8    Dex: 10    Spells: 1/1 levels left

rFire    . . .     SeeInvis +   a - +0 war axe
rCold    . . .     Gourm    .   c - +0 shield
rNeg     . . .     Faith    .   b - +0 scale mail
rPois    +         Spirit   .   (no helmet)
rElec    .         Reflect  .   g - scarf {cloud immunity}
rCorr    .         Harm     .   (no gloves)
MR       .....                  (no barding)
Stlth    ..........             (no amulet)
HPRegen  0.09/turn              (no ring)
MPRegen  0.08/turn              (no ring)

@: lethally poisoned (-1 -> -2), very slow
A: large, see invisible, deformed body, poison resistance, slowness 2, slow
metabolism 1, spit poison 1, AC +0
a: Spit Poison


You were on level 2 of the Dungeon.
You were not hungry.

You visited 1 branch of the dungeon, and saw 2 of its levels.

You collected 70 gold pieces.

Inventory:

Hand Weapons
 a - a +0 war axe (weapon)
Armour
 b - a +0 scale mail (worn)
 c - a +0 shield (worn)
 g - a scarf of cloud immunity (worn)
   (You found it on level 1 of the Dungeon)
Scrolls
 e - a scroll of immolation {unknown}
 h - 2 scrolls of remove curse {unknown}
 m - a scroll of teleportation {unknown}
Potions
 d - 2 potions of might
 i - a potion of cancellation {unknown}
 j - a potion of agility {unknown}
 k - a potion of magic {unknown}
 l - a potion of curing {unknown}
Comestibles
 f - 4 rations
 n - a chunk of flesh {@w0}


   Skills:
 + Level 3.2 Fighting
 + Level 2.3 Axes
 + Level 2.7 Armour
 + Level 2.6 Shields


You had one spell level left.
You didn't know any spells.
Your spell library was empty.

Dungeon Overview and Level Annotations

Branches:
Dungeon (2/15)

Altars:


Innate Abilities, Weirdness & Mutations

You cannot wear boots.
Your serpentine skin is tough. (AC +0)
You have supernaturally acute eyesight. (SInv)
Armour fits poorly on your strangely shaped body.
Your system is resistant to poisons. (rPois)
You cover ground very slowly.
You have a slow metabolism.
You can spit poison.


Message History

The bat barely misses you. You block the bat's attack.
No target in view!
No target in view!
No target in view!
HP restored.
The bat barely misses you.
The bat is too close now for your liking.
Health restored: 28 You miss the bat.
The bat hits you but does no damage. x2
You slash the bat!
You kill the bat!
No target in view!
No target in view!
You butcher the bat corpse.
n - a chunk of flesh {@w0} You see here a bat skeleton. x2
A goblin and a hobgoblin come into view.
The goblin shouts!
You hear an angry hiss.
You hit the goblin.
You kill the goblin!
An adder comes into view.
The adder hisses angrily.
You block the adder's attack.
You closely miss the adder. The adder completely misses you.
The adder bites you but does no damage.
You barely miss the adder. The adder bites you.
A quokka comes into view.
The adder bites you.
You are poisoned.
The adder poisons you!
You take 5 damage, and have 23/28 hp.
Press: ? - help, Shift-Dir - straight line, f - quokka
Aim: a quokka The splash of poison hits the adder.
The adder is poisoned.
The adder is lightly wounded.
You feel slightly more hungry.
You feel sick. The adder bites you but does no damage.
The hobgoblin hits you but does no damage.
You take 1 damage, and have 22/28 hp.
You feel sick. You block the hobgoblin's attack. The adder bites you.
You take 2 damage, and have 20/28 hp.
The adder barely misses you.
You feel sick. The adder bites you.
You take 1 damage, and have 19/28 hp.
You miss the adder.
The adder is moderately wounded.
You have got your breath back.
The adder bites you. x2
You take 8 damage, and have 11/28 hp.
MASSIVE DAMAGE!!
Unknown command.
Unknown command.
Unknown command.
Unknown command.
You completely miss the adder.
The adder is heavily wounded.
The adder looks more healthy.
The adder bites you.
You take 2 damage, and have 9/28 hp.
Unknown command.
You completely miss the adder.
The adder is severely wounded.
You feel sick. The adder bites you.
* * * LOW HITPOINT WARNING * * *
You block the adder's attack.
You take 4 damage, and have 5/28 hp.
Unknown command.
Unknown command.
Unknown command.
Press: ? - help, Shift-Dir - straight line, f - hobgoblin
Aim: a hobgoblin The splash of poison hits the adder.
The adder is poisoned.
You kill the adder!
You feel slightly more hungry.
Unknown command.
Unknown command.
Unknown command.
Your shield and scale mail prevent you from hitting the hobgoblin.
The hobgoblin barely misses you.
Unknown command.
Unknown command.
You slash the hobgoblin!
You kill the hobgoblin!
You have got your breath back.
You feel sick.
You take 1 damage, and have 4/28 hp.
Unknown command.
You closely miss the quokka. The quokka barely misses you.
The quokka bites you.
* * * LOW HITPOINT WARNING * * *
You take 2 damage, and have 2/28 hp.
Unknown command.
Unknown command.
You closely miss the quokka.
* * * LOW HITPOINT WARNING * * *
You feel sick. You block the quokka's attack.
The quokka bites you but does no damage.
Unknown command.
You closely miss the quokka. The quokka bites you.
* * * LOW HITPOINT WARNING * * *
The quokka bites you.
You die...

#...........# #..#
#...###).##.# #..##
###.#
#..##.########...####
#.#
#..##...............#
#.#
#..##########....##.#
#.# #..#
########.#.###. . >..
....
.......รท........ .
## ...#
#######..#.#####
.######.r@.....#
........###.####
.........r......
##########..#### #.##
.. ..


You could see a quokka.

Vanquished Creatures
  An adder (D:2)
  3 goblins
  A hobgoblin (D:2)
  8 bats
  2 frilled lizards (D:1)
  A rat (D:1)
16 creatures vanquished.

Notes
Turn   | Place    | Note
-------+----------+-------------------------------------------
     0 | D:1      | Mgcat the Naga Fighter began the quest for the Orb.
     0 | D:1      | Reached XP level 1. HP: 21/21 MP: 1/1
   399 | D:1      | Reached XP level 2. HP: 28/28 MP: 2/2
   557 | D:2      | HP: 5/28 [adder (3)]
   561 | D:2      | HP: 2/28 [quokka (2)]
   563 | D:2      | Slain by a quokka

Vault maps used:
D:1:      nzn_arrival_crosshair, minmay_fountain_box,
          hangedman_decor_clover_reticule, minmay_tripent
D:2:      doesnt_xom_only_xom, nicolae_ashenzari_panopticon,
          nicolae_overflow_crystal_walls, first_ration,
          chequers_ecumenical_altar_twisty, grunt_ministairs_10

Action                   || total
-------------------------++-------
Melee: War axe           ||    75
 Abil: Spit Poison       ||     6
Armor: Scale mail        ||    60
Dodge: Dodged            ||    21
Block: Shield            ||    48

Table legend:
 A = Non-vault XP
 B = Vault XP
 C = Vault XP percentage of total XP
 D = Non-vault monster count
 E = Vault monster count
 F = Vault count percentage of total count
                 A         B        C        D         E       F
            +---------+---------+-------+---------+---------+-------
      Total |      30 |       2 |   6.2 |      14 |       2 |  12.5
            +---------+---------+-------+---------+---------+-------
        D:1 |      12 |       2 |  14.3 |      10 |       2 |  16.7
        D:2 |      18 |       0 |   0.0 |       4 |       0 |   0.0
            +---------+---------+-------+---------+---------+-------

Vault maps used:
D:1:      nzn_arrival_crosshair, minmay_fountain_box,
          hangedman_decor_clover_reticule, minmay_tripent
D:2:      doesnt_xom_only_xom, nicolae_ashenzari_panopticon,
          nicolae_overflow_crystal_walls, first_ration,
          chequers_ecumenical_altar_twisty, grunt_ministairs_10

Table legend:
 A = Turns spent in this place as a percentage of turns spent in the entire game.
 B = Non-inter-level travel turns spent in this place as a percentage of non-inter-level travel turns spent in the entire game.
 C = Inter-level travel turns spent in this place as a percentage of turns spent in this place.
 D = Turns resting spent in this place as a percentage of non-inter-level travel turns spent in this place.
 E = Turns spent auto-exploring this place as a percentage of non-inter-level travel turns spent in this place.
 F = Non-inter-level travel turns spent in this place divided by the number of levels of this place that you've seen.
                   A       B       C       D       E      F
               +-------+-------+-------+-------+-------+----------------------
         Total | 100.0 | 100.0 |   2.5 |   0.0 |  70.9 | 274.5
       Dungeon | 100.0 | 100.0 |   2.5 |   0.0 |  70.9 | 274.5
               +-------+-------+-------+-------+-------+----------------------

Table legend:
 A = Kills in this place as a percentage of kills in entire the game.
 B = Kills by you in this place as a percentage of kills by you in the entire game.
 C = Kills by friends in this place as a percentage of kills by friends in the entire game.
 D = Other kills in this place as a percentage of other kills in the entire game.
 E = Experience gained in this place as a percentage of experience gained in the entire game.
 F = Experience gained in this place divided by the number of levels of this place that you have seen.
                   A       B       C       D       E      F
               +-------+-------+-------+-------+-------+----------------------
         Total | 100.0 | 100.0 |   N/A |   N/A | 100.0 |  16.0
       Dungeon | 100.0 | 100.0 |   N/A |   N/A | 100.0 |  16.0
               +-------+-------+-------+-------+-------+----------------------
